 Dungeon Crawl Stone Soup version 0.27.1-34-g3ba077fa99 (webtiles) character file.

Game seed: 11540287112279286086

14709 zeram the Destroyer (level 12, -33/91 HPs)
             Began as a Gnoll Conjurer on Jan 8, 2022.
             Was an Initiate of Gozag.
             Annihilated by Donald (44 damage)
             ... on level 1 of the Orcish Mines.
             The game lasted 00:31:17 (16206 turns).

zeram the Destroyer (Gnoll Conjurer)               Turns: 16206, Time: 00:31:19

Health: -33/91     AC:  8    Str:  9    XL:     12   Next: 19%
Magic:  23/24      EV: 20    Int: 22    God:    Gozag
Gold:   2552       SH:  6    Dex: 16    Spells: 6/28 levels left

rFire    . . .     SeeInvis +   b - +2 dagger (elec)
rCold    . . .     Faith    .   K - +0 buckler
rNeg     + + +     Spirit   .   n - +1 robe {Will+}
rPois    .         Reflect  .   (no helmet)
rElec    .         Harm     .   (no cloak)
rCorr    +         Rampage  .   o - +2 pair of gloves "Gufrikhla" {rC+}
Will     +....                  t - +0 pair of boots
Stlth    ++++......             g - amulet of Sawky {Acrobat rF- rN+++ Str+2}
HPRegen  0.25/turn              h - +4 ring of evasion
MPRegen  0.19/turn              H - ring "Oroonil" {Fire Contam rCorr Dex+5 SInv}

@: no status effects
A: fangs 1, strong nose, distributed training
a: Renounce Religion, Potion Petition, Call Merchant, Bribe Branch


You were on level 1 of the Orcish Mines.
You worshipped Gozag.
Gozag was most pleased with you.
You visited 3 branches of the dungeon, and saw 14 of its levels.

You collected 2571 gold pieces.
You paid 19 gold pieces to Gozag.

Inventory:

Hand Weapons
 b - a +2 dagger of electrocution (weapon)
 c - a +0 dagger of draining
Missiles
 r - 29 poisoned darts (quivered)
 v - 5 throwing nets
Armour
 a - a +0 robe
 d - a +0 pair of gloves
 n - a +1 robe of willpower (worn)
 o - the +2 pair of gloves "Gufrikhla" (worn) {rC+}
   (You found it on level 5 of the Dungeon)

   rC:        It protects you from cold.
 t - a +0 pair of boots (worn)
 D - a +2 robe
 K - a +0 buckler (worn)
Jewellery
 g - the amulet of Sawky (around neck) {Acrobat rF- rN+++ Str+2}
   (You acquired it on level 6 of the Dungeon)

   [amulet of the acrobat]

   It increases your evasion while moving and waiting.
   Str:       It affects your strength (+2).
   rF:        It makes you vulnerable to fire.
   rN:        It renders you almost immune to negative energy.
 h - a +4 ring of evasion (left hand)
 u - a +6 ring of dexterity
 w - a +6 ring of dexterity
 z - a +6 ring of intelligence
 C - a +6 ring of dexterity
 G - a +4 ring of protection
 H - the ring "Oroonil" (right hand) {Fire Contam rCorr Dex+5 SInv}
   (You found it on level 8 of the Dungeon)

   [ring of fire]

   It enhances your fire magic.
   Dex:       It affects your dexterity (+5).
   rF:        It protects you from fire.
   rC:        It makes you vulnerable to cold.
   SInv:      It lets you see invisible.
   Contam:    It causes magical contamination when unequipped.
   rCorr:     It protects you from acid and corrosion.
 I - an amulet of regeneration
Wands
 j - a wand of paralysis (18)
 l - a wand of mindburst (11)
 y - a wand of charming (5)
 B - a wand of iceblast (13)
Scrolls
 m - a scroll of amnesia
 A - a scroll of holy word
 E - 4 scrolls of magic mapping
Potions
 e - 5 potions of attraction
 f - 5 potions of lignification
 i - a potion of haste
 k - 3 potions of degeneration
 q - 4 potions of flight
 s - a potion of heal wounds
 x - 4 potions of curing
 F - a potion of brilliance {unknown}
 J - a potion of mutation {unknown}
 L - a potion of magic {unknown}


   Skills:
 + Level 7.0 Fighting
 + Level 7.0 Short Blades
 + Level 7.0 Long Blades
 + Level 7.0 Axes
 + Level 7.0 Maces & Flails
 + Level 7.0 Polearms
 + Level 7.0 Staves
 + Level 7.0 Slings
 + Level 7.0 Bows
 + Level 7.0 Crossbows
 + Level 7.0 Throwing
 + Level 7.0 Armour
 + Level 8.5 Dodging
 + Level 8.3 Stealth
 + Level 7.0 Shields
 + Level 7.0 Unarmed Combat
 + Level 8.7 Spellcasting
 + Level 9.3 Conjurations
 + Level 5.8 Hexes
 + Level 5.8 Summonings
 + Level 5.8 Necromancy
 + Level 5.8 Translocations
 + Level 5.8 Transmutations
 + Level 5.8 Fire Magic
 + Level 5.8 Ice Magic
 + Level 5.8 Air Magic
 + Level 5.8 Earth Magic
 + Level 5.8 Poison Magic
 + Level 7.7 Invocations
 + Level 7.0 Evocations


You had 6 spell levels left.
You knew the following spells:

 Your Spells              Type           Power      Damage    Failure   Level
a - Magic Dart            Conj           100%       1d8       1%          1
b - Searing Ray           Conj           100%       3d7       1%          2
c - Blink                 Tloc           N/A        N/A       1%          2
d - Dazzling Flash        Conj/Hex       86%        N/A       1%          3
e - Dispel Undead         Necr           35%        3d15      6%          4
f - Summon Hydra          Summ           17%        N/A       99%         7
g - Frozen Ramparts       Ice            70%        1d9       1%          3

Your spell library contained the following spells:

 Spells                   Type           Power      Damage    Failure   Level
 Static Discharge         Conj/Air       43%        N/A       1%          2
 Sublimation of Blood     Necr           17%        N/A       1%          2
 Wereblood                Tmut           35%        N/A       1%          2
 Lesser Beckoning         Tloc           17%        N/A       1%          3
 Fulminant Prism          Conj/Hex       21%        3d13      3%          4
 Iskenderun's Mystic Bla  Conj/Tloc      43%        2d10      3%          4
 Sticky Flame             Conj/Fire      59%        2d7       3%          4
 Ice Form                 Ice/Tmut       35%        N/A       6%          4
 Lee's Rapid Deconstruct  Erth           17%        3d12*     17%         5
 Manifold Assault         Tloc           35%        N/A       17%         5
 Simulacrum               Ice/Necr       17%        N/A       67%         6


Dungeon Overview and Level Annotations

Branches:
Dungeon (11/15)            Temple (1/1) D:5            Lair (0/6) D:8
    Orc (2/2) D:9
    Elf: Orc:2

Altars:
Ashenzari
Cheibriados
Dithmenos
Elyvilon
Fedhas
Gozag
Hepliaklqana
Kikubaaqudgha
Makhleb
Nemelex Xobeh
Okawaru
Qazlal
Ru
Sif Muna
Trog
Uskayaw
Vehumet
Wu Jian
Xom
Yredelemnul
Zin
The Shining One

Shops:
D:7 *

Annotations:
D:7 PostageStamp's ghost, novice HOMo
D:9 Prince Ribbit
D:11 2 transporters, jlumianski's ghost, journeyman GrMo
Orc:1 Donald
Orc:2 Azrael; Josephine


Innate Abilities, Weirdness & Mutations

You have very sharp teeth.
Your uncanny sense of smell can sniff out nearby items.
Your experience applies equally to all skills.


Message History

HP restored.
You climb downwards.
Level annotation: Azrael; Donald; Josephine Donald hits you with a +5 double sword of protection!
There is a stone staircase leading up, spattered with blood here.
Donald gestures wildly while chanting.
Donald seems to speed up.
You climb upwards.
There is a stone staircase leading down here.
Casting: Searing Ray (safe; 1% risk of failure)
Confirm with . or Enter, or press ? or * to list all spells.
Aiming: Searing Ray (safe; 1% risk of failure)
Press: ? - help, Shift-Dir - straight line, f - Donald
Aim: Donald, wielding a +5 double sword of protection, wearing a +0 chain mail and wearing a +0 kite shield (fast, 90% to hit)
The searing ray hits Donald but does no damage. (Press . to maintain the ray.) Donald casts a spell.
Donald seems to grow stronger.
You block Donald's attack.
The searing ray misses Donald.
Donald hits you with a +5 double sword of protection!!!
Donald barely misses you.
Donald says, "So the shops here weren't enough for you?"
Donald completely misses you.
Donald hits you with a +5 double sword of protection!!
* * * LOW HITPOINT WARNING * * *
Donald completely misses you.
Okay, then.
Press: ? - help, v - describe, . - travel
Here: Donald, wielding a +5 double sword of protection, wearing a +0 chain mail and wearing a +0 kite shield (fast, strong)
The floor.
You feel much better.
Donald hits you with a +5 double sword of protection!!
* * * LOW HITPOINT WARNING * * *
You feel much better.
Donald says, "Why is it so dark?
Have they never heard of torches?"
Donald hits you with a +5 double sword of protection!
* * * LOW HITPOINT WARNING * * *
Donald hits you with a +5 double sword of protection!!!
You die...
Your body crumbles into a pile of gold.

........)......#.##
.........>........#
)........>.......## ######
........[.........## ##.##.##
..#)...............###......#
................#.#.#.#.#..##
............##.............#
^..#....#....##@...........##
.##....#.[...##.@..#........#
##.....[#.#.###.....#.......#
#...........)##............##
.....#..#....#.........#.#.##
#...#...###.#[..............#
##.#.....#####.............##
###......##................#
##..#...#..[)).......>....# #
#....#...#.).)...........##


You could see Donald (fast, strong).

Vanquished Creatures
  2 hydras
  Erica (D:8)
  4 two-headed ogres
  An orc knight (D:9)
  2 ugly things
  A manticore (D:10)
  An efreet (D:11)
  A komodo dragon (D:8)
  Psyche (D:10)
  2 shadows
  2 wraiths (Orc:2)
  3 yaks
  2 wyverns (D:8)
  A fire elemental (Orc:1)
  4 vampire mosquitoes (D:10)
  A steam dragon (D:7)
  2 wargs
  An acid dragon (D:8)
  A water moccasin (D:5)
  12 orc warriors
  2 sky beasts
  A swamp drake (D:8)
  2 ice beasts
  A black bear (D:6)
  A necrophage (D:5)
  5 ogres
  3 centaurs
  2 phantoms
  4 bullfrogs
  A scorpion (D:5)
  A water moccasin zombie (D:5)
  5 killer bees (D:6)
  3 howler monkeys
  4 centaur zombies
  A gnoll shaman (D:6)
  4 hounds
  3 bullfrog zombies
  A jelly (D:5)
  10 orc priests
  A centaur skeleton (D:5)
  3 iguanas
  13 orc wizards
  2 killer bee zombies
  A centaur simulacrum (D:8)
  A hound zombie (D:5)
  2 killer bee simulacra (D:8)
  A howler monkey zombie (D:8)
  6 gnolls (D:6)
  4 adders
  A howler monkey simulacrum (D:8)
  A white imp (D:8)
  An adder zombie (D:5)
  A worm (D:2)
  2 dart slugs
  23 orcs
  8 endoplasms
  5 giant cockroaches
  9 goblins
  8 hobgoblins
  6 jackals (D:3)
  8 quokkas
  9 ball pythons
  4 bats
  5 frilled lizards
  4 kobolds
  4 rats
232 creatures vanquished.

Vanquished Creatures (others)
  A wyvern (D:8)
1 creature vanquished.

Grand Total: 233 creatures vanquished

Notes
Turn   | Place    | Note
-------+----------+-------------------------------------------
     0 | D:1      | zeram the Gnoll Conjurer began the quest for the Orb.
     0 | D:1      | Reached XP level 1. HP: 13/13 MP: 6/6
   419 | D:1      | Found a faded altar of an unknown god.
   437 | D:1      | Reached XP level 2. HP: 19/19 MP: 7/7
   945 | D:1      | Learned a level 2 spell: Searing Ray
  1649 | D:2      | Reached XP level 3. HP: 22/25 MP: 9/9
  1700 | D:2      | Reached skill level 5 in Spellcasting
  2254 | D:2      | Reached skill level 1 in Invocations
  2725 | D:3      | Reached skill level 1 in Fighting
  2725 | D:3      | Reached skill level 1 in Short Blades
  2725 | D:3      | Reached skill level 1 in Long Blades
  2725 | D:3      | Reached skill level 1 in Axes
  2725 | D:3      | Reached skill level 1 in Maces & Flails
  2725 | D:3      | Reached skill level 1 in Polearms
  2725 | D:3      | Reached skill level 1 in Staves
  2725 | D:3      | Reached skill level 1 in Slings
  2725 | D:3      | Reached skill level 1 in Bows
  2725 | D:3      | Reached skill level 1 in Crossbows
  2725 | D:3      | Reached skill level 1 in Throwing
  2725 | D:3      | Reached skill level 1 in Armour
  2725 | D:3      | Reached skill level 1 in Shields
  2725 | D:3      | Reached skill level 1 in Unarmed Combat
  2725 | D:3      | Reached skill level 1 in Evocations
  2763 | D:3      | Found a basalt altar of Yredelemnul.
  2917 | D:3      | Learned a level 2 spell: Blink
  2921 | D:3      | Learned a level 3 spell: Dazzling Flash
  2980 | D:3      | Found an iron altar of Okawaru.
  3059 | D:3      | Found a broken altar of Ashenzari.
  3061 | D:3      | Found a blossoming altar of Fedhas.
  3066 | D:3      | Found a shimmering altar of Xom.
  3135 | D:3      | Reached XP level 4. HP: 26/32 MP: 11/11
  3331 | D:3      | Found an opulent altar of Gozag.
  3351 | D:3      | Became a worshipper of Gozag Ym Sagoz the Greedy
  3750 | D:4      | Reached skill level 1 in Hexes
  3750 | D:4      | Reached skill level 1 in Summonings
  3750 | D:4      | Reached skill level 1 in Necromancy
  3750 | D:4      | Reached skill level 1 in Translocations
  3750 | D:4      | Reached skill level 1 in Transmutations
  3750 | D:4      | Reached skill level 1 in Fire Magic
  3750 | D:4      | Reached skill level 1 in Ice Magic
  3750 | D:4      | Reached skill level 1 in Air Magic
  3750 | D:4      | Reached skill level 1 in Earth Magic
  3750 | D:4      | Reached skill level 1 in Poison Magic
  3925 | D:4      | Reached XP level 5. HP: 28/37 MP: 7/12
  4170 | D:4      | Noticed a phantom
  4179 | D:4      | Killed a phantom
  4180 | D:4      | Reached XP level 6. HP: 44/44 MP: 7/13
  4300 | D:4      | Found a hazy altar of Hepliaklqana.
  4425 | D:4      | Got the Guide on Freezing Darkness
  4654 | D:5      | Entered Level 5 of the Dungeon
  4655 | D:5      | Noticed a necrophage
  4668 | D:5      | Killed a necrophage
  4669 | D:5      | Reached skill level 5 in Dodging
  4773 | D:5      | Noticed a sky beast
  4815 | D:5      | Killed a sky beast
  4816 | D:5      | Reached XP level 7. HP: 13/50 MP: 9/15
  5445 | D:5      | Found an ornate altar of the Wu Jian Council.
  5457 | D:5      | Reached skill level 5 in Stealth
  5624 | D:5      | Identified the +2 pair of gloves "Gufrikhla" {rC+}
  6071 | D:5      | Reached XP level 8. HP: 46/57 MP: 10/16
  6188 | D:5      | Found a staircase to the Ecumenical Temple.
  6206 | Temple   | Entered the Ecumenical Temple
  7130 | D:6      | Found a burning altar of Makhleb.
  7480 | D:6      | Identified a scroll of acquirement
  7480 | D:6      | Acquired the amulet of Sawky {Acrobat rF- rN+++ Str+2}
  7612 | D:7      | Reached XP level 9. HP: 65/65 MP: 13/18
  7617 | D:7      | Learned a level 4 spell: Dispel Undead
  7625 | D:7      | Learned a level 7 spell: Summon Hydra
  8253 | D:7      | Found Pilu's General Store.
  8640 | D:8      | Noticed Erica
  8653 | D:8      | Killed Erica
  8654 | D:8      | Reached skill level 8 in Conjurations
  8879 | D:8      | Reached skill level 5 in Invocations
  9143 | D:8      | Noticed a komodo dragon
  9159 | D:8      | Found a staircase to the Lair.
  9168 | D:8      | Killed a komodo dragon
  9169 | D:8      | Reached XP level 10. HP: 67/73 MP: 12/20
  9316 | D:8      | Noticed a two-headed ogre
  9323 | D:8      | Killed a two-headed ogre
  9324 | D:8      | Reached skill level 5 in Fighting
  9324 | D:8      | Reached skill level 5 in Short Blades
  9324 | D:8      | Reached skill level 5 in Long Blades
  9324 | D:8      | Reached skill level 5 in Axes
  9324 | D:8      | Reached skill level 5 in Maces & Flails
  9324 | D:8      | Reached skill level 5 in Polearms
  9324 | D:8      | Reached skill level 5 in Staves
  9324 | D:8      | Reached skill level 5 in Slings
  9324 | D:8      | Reached skill level 5 in Bows
  9324 | D:8      | Reached skill level 5 in Crossbows
  9324 | D:8      | Reached skill level 5 in Throwing
  9324 | D:8      | Reached skill level 5 in Armour
  9324 | D:8      | Reached skill level 5 in Shields
  9324 | D:8      | Reached skill level 5 in Unarmed Combat
  9324 | D:8      | Reached skill level 5 in Evocations
  9613 | D:8      | Noticed PostageStamp's ghost (novice HOMo)
  9831 | D:8      | Found a runed translucent gate.
  9831 | D:8      | Found a runed translucent gate.
  9831 | D:8      | Found a runed translucent gate.
  9879 | D:8      | Found a stormy altar of Qazlal.
 10814 | D:8      | Got the ring "Oroonil" {Fire Contam rCorr Dex+5 SInv}
 11132 | D:9      | Noticed a two-headed ogre
 11145 | D:9      | Killed a two-headed ogre
 11232 | D:9      | Noticed a six-headed hydra
 11243 | D:9      | Killed a six-headed hydra
 11247 | D:9      | Reached XP level 11. HP: 50/81 MP: 6/22
 11396 | D:9      | Found a staircase to the Orcish Mines.
 11459 | D:9      | Noticed Prince Ribbit
 11500 | D:9      | Noticed a two-headed ogre
 11509 | D:9      | Killed a two-headed ogre
 11510 | D:9      | Reached skill level 5 in Hexes
 11510 | D:9      | Reached skill level 5 in Summonings
 11510 | D:9      | Reached skill level 5 in Necromancy
 11510 | D:9      | Reached skill level 5 in Translocations
 11510 | D:9      | Reached skill level 5 in Transmutations
 11510 | D:9      | Reached skill level 5 in Fire Magic
 11510 | D:9      | Reached skill level 5 in Ice Magic
 11510 | D:9      | Reached skill level 5 in Air Magic
 11510 | D:9      | Reached skill level 5 in Earth Magic
 11510 | D:9      | Reached skill level 5 in Poison Magic
 11936 | D:10     | Entered Level 10 of the Dungeon
 12072 | D:10     | Noticed Psyche
 12086 | D:10     | Killed Psyche
 12235 | D:10     | Noticed a manticore
 12244 | D:10     | Killed a manticore
 13330 | D:10     | Reached skill level 9 in Conjurations
 13347 | D:10     | Noticed a six-headed hydra
 13356 | D:10     | Killed a six-headed hydra
 13487 | D:11     | Noticed a boulder beetle
 13487 | D:11     | Noticed a purple ugly thing
 13647 | D:11     | Noticed a two-headed ogre
 13650 | D:11     | Noticed jlumianski's ghost (journeyman GrMo)
 13653 | D:11     | Identified the +1 dire flail "Jellyslayer" {flame, rF+
                  | Will- Dex+4}
 13653 | D:11     | Identified the +4 great mace of Animal Spirits {spect,
                  | rElec rC+ Int+3}
 13653 | D:11     | Noticed a two-headed ogre
 13654 | D:11     | Found a transporter.
 13654 | D:11     | Found a transporter.
 13815 | D:11     | Noticed a purple ugly thing
 13830 | D:11     | Killed a purple ugly thing
 13925 | D:11     | Found a glowing silver altar of Zin.
 14014 | D:11     | Noticed a two-headed ogre
 14030 | D:10     | Killed a two-headed ogre
 14162 | D:10     | Killed a purple ugly thing
 14234 | Orc:1    | Entered Level 1 of the Orcish Mines
 14244 | Orc:1    | Noticed an orc knight
 14334 | D:9      | Killed an orc knight
 14335 | D:9      | Reached XP level 12. HP: 40/89 MP: 4/24
 14546 | D:9      | Learned a level 3 spell: Frozen Ramparts
 14946 | Orc:1    | Found a shimmering altar of Xom.
 15582 | Orc:2    | Entered Level 2 of the Orcish Mines
 15582 | Orc:2    | Noticed Azrael
 15915 | Orc:2    | Noticed Josephine
 15922 | Orc:2    | Noticed Donald
 16205 | Orc:1    | HP: 4/91 [Donald (30)]
 16206 | Orc:1    | Annihilated by Donald

Illustrated notes

Levels and vault maps discovered:
D:1:      minmay_arrival_up_and_down, layout_basic,
          shapermc_ecumenical_altar_mp_vishouse, st_stairs_1,
          minmay_misc_feat_tower, chequers_jeans
D:2:      layout_basic
D:3:      layout_loops_corners, marbit_many_paths,
          nicolae_gozag_cash_rules_everything_around_me,
          mainiacjoe_overflow_paths, minitemple
D:4:      layout_rooms, mainiacjoe_overflow_alcove_4, serial_rivers,
          chequers_serial_rivers_micro_e, chequers_serial_rivers_small_3,
          chequers_serial_rivers_room_a, chequers_serial_rivers_micro_e
D:5:      layout_gridville, lemuel_round_altar, minmay_temple_entry_butterflies,
          minmay_misc_feat_nine_boxes
D:6:      layout_basic, kennysheep_mini, serial_glass, glass_columns_a,
          glass_columns_c, minivault_10
D:7:      layout_loops_ring, serial_shops, nicolae_shop_stone
D:8:      layout_cave_pools, nicolae_qazlal_general_emergency, erik_lair_dragon,
          gammafunk_ghost_icy, uniq_erica
D:9:      layout_basic, david_orc_3, uniq_prince_ribbit1
D:10:     layout_basic, uniq_psyche
D:11:     minmay_four_partial_circles, layout_rooms, gammafunk_ghost_smash,
          zin_scriptorium
Temple:   nicolae_temple_x_marks_the_god
Orc:1:    layout_caves, basic_altar
Orc:2:    st_orc_town, layout_diamond_mine, nicolae_shop_overcharged_wands,
          uniq_josephine, uniq_donald, uniq_azrael

Skill      XL: |  1  2  3  4  5  6  7  8  9 10 11 12 |
---------------+-------------------------------------+-----
Spellcasting   | 5 6 7 8 |  8.7
Invocations    | 1 2 3 4 5 6 7 |  7.7
Fighting       | 1 2 3 4 5 6 7 |  7.0
Short Blades   | 1 2 3 4 5 6 7 |  7.0
Long Blades    | 1 2 3 4 5 6 7 |  7.0
Axes           | 1 2 3 4 5 6 7 |  7.0
Maces & Flails | 1 2 3 4 5 6 7 |  7.0
Polearms       | 1 2 3 4 5 6 7 |  7.0
Staves         | 1 2 3 4 5 6 7 |  7.0
Slings         | 1 2 3 4 5 6 7 |  7.0
Bows           | 1 2 3 4 5 6 7 |  7.0
Crossbows      | 1 2 3 4 5 6 7 |  7.0
Throwing       | 1 2 3 4 5 6 7 |  7.0
Armour         | 1 2 3 4 5 6 7 |  7.0
Shields        | 1 2 3 4 5 6 7 |  7.0
Unarmed Combat | 1 2 3 4 5 6 7 |  7.0
Evocations     | 1 2 3 4 5 6 7 |  7.0
Hexes          | 1 2 3 4 5 |  5.8
Summonings     | 1 2 3 4 5 |  5.8
Necromancy     | 1 2 3 4 5 |  5.8
Translocations | 1 2 3 4 5 |  5.8
Transmutations | 1 2 3 4 5 |  5.8
Fire Magic     | 1 2 3 4 5 |  5.8
Ice Magic      | 1 2 3 4 5 |  5.8
Air Magic      | 1 2 3 4 5 |  5.8
Earth Magic    | 1 2 3 4 5 |  5.8
Poison Magic   | 1 2 3 4 5 |  5.8
Dodging        | 5 6 7 8 |  8.5
Stealth        | 5 6 7 8 |  8.3
Conjurations   | 8 9 |  9.3

Action                   |  1- 3 |  4- 6 |  7- 9 | 10-12 || total
-------------------------+-------+-------+-------+-------++-------
Melee: Dagger            |   183 |    68 |    75 |    73 ||   399
       Unarmed           |     7 |       |       |       ||     7
       Bite              |     7 |     3 |     8 |     7 ||    25
 Cast: Magic Dart        |     8 |     1 |    12 |    49 ||    70
       Searing Ray       |     4 |    11 |    38 |   109 ||   162
Evoke: Wand              |       |       |       |     1 ||     1
  Use: Scroll            |     4 |     2 |     6 |    12 ||    24
       Potion            |       |       |       |     3 ||     3
 Stab: Sleeping          |     9 |     5 |     7 |     3 ||    24
Armor: Robe              |    37 |    10 |    17 |    40 ||   104
Dodge: Dodged            |   137 |    53 |   130 |   376 ||   696
Block: Buckler           |       |       |       |    51 ||    51
